 Dungeon Crawl Stone Soup version 0.31-a0-845-g9abc20d24f (webtiles) character file.

Game seed: 9182288489166132898

469 BinkBink the Magician (level 6, 0/32 HPs)
             Began as a Deep Elf Fire Elementalist on Oct 2, 2023.
             Slain by Duvessa
             ... wielding a +2 short sword of electrocution
              (14 damage)
             ... on level 4 of the Dungeon.
             The game lasted 00:06:21 (3555 turns).

BinkBink the Magician (Deep Elf Fire Elementalist)  Turns: 3555, Time: 00:06:22

Health: 0/32       AC:  3    Str:  5    XL:     6   Next: 82%
Magic:  14/17      EV: 13    Int: 25    God:
Gold:   196        SH:  0    Dex: 17    Spells: 16/17 levels left

rFire   + . .        n - staff of fire
rCold   . . .        (no shield)
rNeg    + . .        a - +0 robe
rPois   .            f - +0 helmet
rElec   .            (no cloak)
rCorr   .            (no gloves)
SInv    .            (no boots)
Will    .....        g - amulet of magic regeneration
Stlth   ++           o - ring of flight
HPRegen 0.25/turn    t - ring of Isaimyi {Wiz rN+ Int+3 Dex+2}
MPRegen 0.55/turn

%: wizardry (x1)
@: flying
A: no striking features
a: no special abilities


You were on level 4 of the Dungeon.
You visited 1 branch of the dungeon, and saw 4 of its levels.

You collected 196 gold pieces.

Inventory:

Armour
 a - a +0 robe (worn)
 f - a +0 helmet (worn)
Magical Staves
 n - a staff of fire (weapon)
Jewellery
 g - an amulet of magic regeneration (around neck)
 o - a ring of flight (left hand)
 t - the ring of Isaimyi (right hand) {Wiz rN+ Int+3 Dex+2}
   (You took it off a hobgoblin on level 4 of the Dungeon)

   [ring of wizardry]

   Wiz:       It improves your spell success rate.
   Int+3:     It affects your intelligence (+3).
   Dex+2:     It affects your dexterity (+2).
   rN+:       It protects you from negative energy.
Wands
 r - a wand of iceblast (5)
Scrolls
 c - a scroll of immolation {unknown}
 d - 3 scrolls of identify
 e - 2 scrolls of amnesia
 h - a scroll of blinking {unknown}
 k - a scroll of poison {unknown}
 m - a scroll of revelation {unknown}
 p - a scroll of fear {unknown}
 q - a scroll of vulnerability {unknown}
 u - a scroll of noise {unknown}
Potions
 b - a potion of magic
 i - a potion of cancellation {unknown}
 j - a potion of curing
 l - 2 potions of lignification {unknown}
 s - a potion of haste {unknown}


   Skills:
 - Level 2.4 Dodging
 - Level 2.4 Stealth
 + Level 6.2 Spellcasting
 + Level 4.4 Conjurations
 + Level 5.5 Fire Magic


You had 16 spell levels left.
You knew the following spells:

 Your Spells              Type           Power      Damage    Failure   Level
a - Foxfire               Conj/Fire      100%       2x1d9     1%          1

Your spell library contained the following spells:

 Spells                   Type           Power      Damage    Failure   Level
 Scorch                   Fire           100%       2d9       1%          2
 Inner Flame              Hex/Fire       32%        N/A       2%          3
 Volatile Blastmotes      Fire/Tloc      64%        2d15      2%          3
 Flame Wave               Conj/Fire      49%        2d12      3%          4
 Cigotuvi's Dreadful Rot  Necr/Pois/Air  14%        N/A       4%          2
 Dispel Undead            Necr           7%         3d8       28%         4
 Conjure Ball Lightning   Conj/Air       9%         3x3d6     85%         6
 Death Channel            Necr           3%         N/A       98%         6
 Discord                  Hex            3%         N/A       100%        8
 Disjunction              Tloc           3%         N/A       100%        8


Dungeon Overview and Level Annotations

Branches:
Dungeon (4/15)
 Temple: D:4-7

Altars:

Annotations:
D:4 Duvessa


Message History

You feel a surge of power!
You conjure some foxfire!
The foxfire hits Dowan but does no damage.
Dowan is almost dead.
Dowan points at you and mumbles some strange words.
The puff of flame hits you. You resist.
You feel a surge of power!
You conjure some foxfire!
The foxfire hits Dowan.
Dowan resists.
You kill Dowan!
You hear a distant scream of rage.
Your foxfire dissipates!
Your foxfire dissipates! x2
Your foxfire dissipates!
Duvessa, Sister of Dowan comes into view.
She is wielding a +2 short sword of electrocution.
You feel a surge of power!
You conjure some foxfire!
Duvessa shouts!
Duvessa goes berserk!
You feel a surge of power!
You conjure some foxfire!
The foxfire hits Duvessa but does no damage. x2
The foxfire hits Duvessa.
Duvessa is lightly wounded.
You feel a surge of power!
You conjure some foxfire!
The foxfire hits Duvessa but does no damage.
Duvessa is lightly wounded.
Duvessa hits you with a +2 short sword of electrocution!!
Ouch! That really hurt!
* * * LOW HITPOINT WARNING * * *
You are too injured to fight recklessly!
Unknown command.
Okay, then.
It was a potion of curing.
You feel better.
The foxfire hits Duvessa but does no damage.
Duvessa is lightly wounded.
The foxfire hits Duvessa.
Duvessa is lightly wounded.
Duvessa misses you.
As you read the scroll labelled WASCHY DUXYKUO, it crumbles to dust.
It is a scroll of identify.
e - 2 scrolls of amnesia Duvessa hits you with a +2 short sword of electrocution!
You die...

#..##.............
####...#..###..[..##.
#.....###.####.......
#...####...# ###.....
#......#...####......
####............##......
#. ..###..##....).........
..##.. #).####.#####......
......##.@.###.#.##.......
.......##e...#...........>
........#...#.............
........#...##............
#.........#....#..........
#...(.....####.##........#
#.........# #.........#.#
#..).....#####........##..
........###.###.......##..


You could see Duvessa (berserk).

Vanquished Creatures
  Sigmund (D:4)
  A scorpion (D:4)
  Dowan (D:4)
  Natasha (thrice) (D:2)
  3 gnolls (D:3)
  3 adders
  An ufetubus (D:4)
  4 worms
  2 dart slugs
  5 ball pythons
  4 bats
  5 endoplasms
  5 giant cockroaches
  5 goblins
  6 hobgoblins
  2 jackals (D:4)
  2 kobolds
  2 frilled lizards
  4 rats
59 creatures vanquished.

Vanquished Creatures (others)
  An endoplasm (D:2)
  254 foxfires
255 creatures vanquished.

Grand Total: 314 creatures vanquished

Notes
Turn   | Place    | Note
-------+----------+-------------------------------------------
     0 | D:1      | BinkBink the Deep Elf Fire Elementalist began the quest for
                  | the Orb.
     0 | D:1      | Reached XP level 1. HP: 10/10 MP: 6/6
   232 | D:1      | Found a faded altar of an unknown god.
   303 | D:1      | Reached XP level 2. HP: 8/15 MP: 4/8
   777 | D:2      | Noticed Natasha
   783 | D:2      | Killed Natasha
   784 | D:2      | Reached XP level 3. HP: 19/19 MP: 3/10
  1022 | D:2      | Noticed Natasha
  1027 | D:2      | Killed Natasha
  1028 | D:2      | Reached skill level 4 in Spellcasting
  1028 | D:2      | Reached XP level 4. HP: 24/24 MP: 8/12
  1580 | D:2      | Noticed Natasha
  1584 | D:2      | Killed Natasha
  2033 | D:3      | Reached XP level 5. HP: 28/28 MP: 7/14
  2622 | D:3      | Reached skill level 5 in Spellcasting
  3280 | D:4      | Noticed Sigmund
  3288 | D:4      | Killed Sigmund
  3289 | D:4      | Reached skill level 5 in Fire Magic
  3289 | D:4      | Reached XP level 6. HP: 32/32 MP: 10/16
  3333 | D:4      | Reached skill level 6 in Spellcasting
  3397 | D:4      | Identified the ring of Isaimyi {Wiz rN+ Int+3 Dex+2}
  3532 | D:4      | Noticed Dowan
  3547 | D:4      | Killed Dowan
  3550 | D:4      | Noticed Duvessa
  3555 | D:4      | Slain by Duvessa

Illustrated notes

Levels and vault maps discovered:
D:1:      wander_arrival_estate, layout_basic, ebering_ecumenical_altar_webs,
          minmay_split_cup_large
D:2:      layout_basic, nrook_campfire, uniq_natasha
D:3:      layout_basic
D:4:      layout_cave_pools, grunt_temple_overflow_octagram, uniq_duvessa,
          uniq_sigmund

Skill      XL: |  1  2  3  4  5  6 |
---------------+-------------------+-----
Conjurations   | 2 3 4 |  4.4
Spellcasting   | 4 5 6 |  6.2
Fire Magic     | 4 5 |  5.5
Dodging        | |  2.4
Stealth        | |  2.4

Action                     |  1- 3 |  4- 6 || total
---------------------------+-------+-------++-------
   Cast: Foxfire           |    42 |   113 ||   155
    Use: Scroll            |       |     1 ||     1
         Potion            |       |     1 ||     1
 Armour: Robe              |     7 |    12 ||    19
  Dodge: Dodged            |     4 |     5 ||     9

Table legend: (Time is in decaauts)
 A = Elapsed time spent in this place.
 B = Non-inter-level travel time spent in this place.
 C = Inter-level travel time spent in this place.
 D = Time resting spent in this place.
 E = Time spent auto-exploring this place.
 F = Levels seen in this place.
 G = Mean time per level.
                   A        B        C        D        E       F      G
               +--------+--------+--------+--------+--------+-----+--------+
         Total |   3553 |   3352 |    201 |      0 |   2932 |   4 |  888.2 |
       Dungeon |   3553 |   3352 |    201 |      0 |   2932 |   4 |  888.2 |
               +--------+--------+--------+--------+--------+-----+--------+

Top non-repeatable levels by time:
     D:2: 1320 daAuts
     D:3: 1138 daAuts
     D:1: 775 daAuts
     D:4: 320 daAuts
